 Dungeon Crawl Stone Soup version 0.26-a0-812-g31a745ddcd (webtiles) character file.

Game seed: 3927661356966441645

77 mkm the Firebug (level 4, -2/24 HPs)
             Began as a Gargoyle Fire Elementalist on Dec 3, 2020.
             Killed from afar by a white imp (8 damage)
             ... with a puff of frost
             ... on level 2 of the Dungeon.
             The game lasted 00:07:09 (3376 turns).

mkm the Firebug (Gargoyle Fire Elementalist)        Turns: 3376, Time: 00:07:10

Health: -2/24      AC:  7    Str: 11    XL:     4   Next: 33%
Magic:  7/8        EV: 12    Int: 17    God:
Gold:   130        SH:  5    Dex: 10    Spells: 4/8 levels left

rFire    . . .     SeeInvis .   b - +0 dagger
rCold    . . .     Faith    .   (no shield)
rNeg     + . .     Spirit   .   a - +0 robe
rPois    ∞         Reflect  +   (no helmet)
rElec    +         Harm     .   (no cloak)
rCorr    .         Rampage  .   f - +1 pair of gloves
MR       .....                  (no boots)
Stlth    ++........             j - amulet of reflection
HPRegen  0.08/turn              (no ring)
MPRegen  0.11/turn              (no ring)

@: no status effects
A: negative energy resistance 1, electricity resistance, unbreathing,
petrification resistance, rot immunity, AC +3
a: no special abilities


You were on level 2 of the Dungeon.
You visited 1 branch of the dungeon, and saw 3 of its levels.

You collected 130 gold pieces.

Inventory:

Hand Weapons
 b - a +0 dagger (weapon)
Armour
 a - a +0 robe (worn)
 f - a +1 pair of gloves (worn)
Jewellery
 c - an uncursed ring of see invisible {unknown}
 d - an uncursed ring of magical power {unknown}
 j - an amulet of reflection (around neck)
Scrolls
 e - 2 scrolls of teleportation
Potions
 i - a potion of heal wounds {unknown}
 k - 2 potions of flight {unknown}


   Skills:
 - Level 1.5 Dodging
 - Level 2.1 Stealth
 + Level 2.9 Spellcasting
 + Level 2.6 Conjurations
 + Level 3.7 Fire Magic


You had 4 spell levels left.
You knew the following spells:

 Your Spells              Type           Power        Failure   Level
a - Foxfire               Conj/Fire      ##..         4%          1
b - Inner Flame           Hex/Fire       #.......     24%         3

Your spell library contained the following spells:

 Spells                   Type           Power        Failure   Level
 Conjure Flame            Conj/Fire      ##......     14%         3
 Sticky Flame             Conj/Fire      ##......     43%         4
 Fireball                 Conj/Fire      ##........   78%         5


Dungeon Overview and Level Annotations

Branches:
Dungeon (3/15)

Altars:


Innate Abilities, Weirdness & Mutations

You are resistant to torment.
Your stone body is resilient. (AC +3)
You are immune to poison.
You resist negative energy. (rN+)
You are resistant to electric shocks. (rElec)
You can survive without breathing.
You are immune to petrification.
You are immune to rotting.


Message History

The puff of frost hits you.
* * * LOW HITPOINT WARNING * * *
Casting: Foxfire (safe; 4% risk of failure)
Confirm with . or Enter, or press ? or * to list all spells.
You conjure some foxfire!
The foxfire hits the white imp but does no damage.
The white imp is moderately wounded.
Your foxfire dissipates!
The white imp gestures at you. The puff of frost misses you.
It was a potion of curing.
You feel better. You block the white imp's attack.
The white imp gestures at you.
The puff of frost reflects off an invisible shield around you!
The puff of frost misses the white imp.
The white imp gestures at you. The puff of frost hits you.
* * * LOW HITPOINT WARNING * * *
The white imp gestures at you. The puff of frost hits you!
You die...

#...########.##########.#
#(..# #.# #...# #...# #.#
#)### #...# #.# #.# #...#
#.# #.#### #...# #.#
#....# #...# #.#
#########.# #...# #.#
#....5....# #...# #.#
#@######### ##### #.# #.#
#....# ###### #.# #.#
#<#.## .....# #.#
#.####.##### ####.# #.#
#....#.....# ####.# #.#
####.#...#.#### .....##
#.# #.#.#.#....#
......### #.#
#.#.#.####.# ........#
#.# #.#.#.# #.#


You could see a white imp.

Vanquished Creatures
  An adder (D:2)
  An ooze (D:1)
  2 worms
  3 leopard geckos
  An orc (D:3)
  7 bats
  3 giant cockroaches
  6 goblins
  8 hobgoblins
  3 jackals (D:2)
  7 kobolds
  A quokka (D:3)
  A frilled lizard (D:1)
  4 rats
48 creatures vanquished.

Vanquished Creatures (others)
  144 foxfires
144 creatures vanquished.

Grand Total: 192 creatures vanquished

Notes
Turn   | Place    | Note
-------+----------+-------------------------------------------
     0 | D:1      | mkm the Gargoyle Fire Elementalist began the quest for the
                  | Orb.
     0 | D:1      | Reached XP level 1. HP: 10/10 MP: 3/3
   311 | D:1      | Reached XP level 2. HP: 15/15 MP: 0/5
   989 | D:1      | Reached XP level 3. HP: 19/19 MP: 4/6
  2283 | D:2      | Found a faded altar of an unknown god.
  2366 | D:2      | Learned a level 3 spell: Inner Flame
  2420 | D:3      | Reached XP level 4. HP: 24/24 MP: 6/8
  3376 | D:2      | Killed from afar by a white imp

Illustrated notes

Levels and vault maps discovered:
D:1:      dpeg_arrival_three_smaller_balls, layout_basic
D:2:      layout_basic, chequers_ecumenical_altar_island
D:3:      layout_loops_ring, grunt_temple_overflow_diamond

Skill      XL: |  1  2 |
---------------+-------+-----
Conjurations   | 2 |  2.6
Dodging        | |  1.5
Stealth        | |  2.1
Spellcasting   | |  2.9
Fire Magic     | |  3.7

Action                   |  1- 3 |  4- 6 || total
-------------------------+-------+-------++-------
Melee: Unarmed           |     2 |       ||     2
       Dagger            |    15 |    16 ||    31
 Cast: Foxfire           |    52 |    34 ||    86
  Use: Scroll            |       |     4 ||     4
       Potion            |       |     1 ||     1
Armor: Robe              |    25 |    10 ||    35
Dodge: Dodged            |    39 |    27 ||    66
Block: Other             |       |     4 ||     4
       Reflection        |       |     1 ||     1

Table legend: (Time is in decaauts)
 A = Elapsed time spent in this place.
 B = Non-inter-level travel time spent in this place.
 C = Inter-level travel time spent in this place.
 D = Time resting spent in this place.
 E = Time spent auto-exploring this place.
 F = Levels seen in this place.
 G = Mean time per level.
                   A        B        C        D        E       F      G
               +--------+--------+--------+--------+--------+-----+--------+
         Total |   3384 |   3359 |     25 |   1595 |   1298 |   3 | 1128.0 |
       Dungeon |   3384 |   3359 |     25 |   1595 |   1298 |   3 | 1128.0 |
               +--------+--------+--------+--------+--------+-----+--------+

Top non-repeatable levels by time:
     D:2: 1557 daAuts
     D:1: 1093 daAuts
     D:3: 733 daAuts
